 Seeded DCSS version 0.26-a0-21-gf97e55d (webtiles) character file.

Game seed: 4080357608383404939, levelgen mode: deterministic

111 Ayyar the Caller (level 4, 0/22 HPs)
             Began as a Vine Stalker Summoner on May 26, 2020.
             Succumbed to an adder's poison
             ... on level 3 of the Dungeon.
             The game lasted 00:21:08 (3992 turns).

Ayyar the Caller (Vine Stalker Summoner)            Turns: 3992, Time: 00:21:08

Health: 0/22       AC:  2    Str: 11    XL:     4   Next: 92%
Magic:  1/9        EV: 12    Int: 15    God:
Gold:   68         SH:  0    Dex: 15    Spells: 4/9 levels left

rFire    . . .     SeeInvis .   i - +0 dagger
rCold    . . .     Gourm    .   (no shield)
rNeg     . . .     Faith    .   a - +0 robe
rPois    .         Spirit   +   (no helmet)
rElec    .         Reflect  .   (no cloak)
rCorr    .         Harm     .   (no gloves)
MR       .....                  (no boots)
Stlth    +++.......             (no amulet)
HPRegen  0.47/turn              (no ring)
MPRegen  0.11/turn              (no ring)

@: lethally poisoned (0 -> -1)
A: fangs 2, regeneration 1, magic shield, antimagic bite, no potion heal 3, rot
immunity
a: no special abilities


You were on level 3 of the Dungeon.
You were not hungry.

You visited 1 branch of the dungeon, and saw 3 of its levels.

You collected 68 gold pieces.

Inventory:

Hand Weapons
 i - a +0 dagger (weapon)
Armour
 a - a +0 robe (worn)
 e - a cursed +0 ring mail
 n - a +1 leather armour of positive energy
Scrolls
 b - 3 scrolls of remove curse {unknown}
 f - 3 scrolls of amnesia {unknown}
 g - a scroll of enchant armour {unknown}
 j - a scroll of random uselessness {unknown}
 k - a scroll of magic mapping {unknown}
 l - 2 scrolls of identify {unknown}
 m - a scroll of fog {unknown}
Potions
 h - a potion of haste
 o - a potion of heal wounds {unknown}
Comestibles
 c - 4 rations
 d - 3 chunks of flesh


   Skills:
 + Level 1.0 Fighting
 + Level 0.1 Short Blades
 - Level 2.0 Dodging
 + Level 3.6 Stealth
 + Level 3.1 Spellcasting
 + Level 4.6 Summonings
 * Level 0.4 Translocations


You had 4 spell levels left.
You knew the following spells:

 Your Spells              Type           Power        Failure   Level  Hunger
a - Summon Small Mammal   Summ           ###.         3%          1    #......
b - Call Imp              Summ           ###.....     4%          2    ##.....
c - Blink                 Tloc           N/A          26%         2    ##.....

Your spell library contained the following spells:

 Spells                   Type           Power        Failure   Level  Hunger
 Call Canine Familiar     Summ           ###.....     9%          3    ###....
 Magic Dart               Conj           #...         21%         1    #......
 Summon Guardian Golem    Hex/Summ       #.......     24%         3    ###....
 Slow                     Hex            #.......     30%         2    ##.....
 Conjure Flame            Conj/Fire      #.......     52%         3    ###....
 Mephitic Cloud           Conj/Pois/Air  #.......     52%         3    ###....
 Summon Ice Beast         Ice/Summ       #.......     61%         4    #####..
 Summon Lightning Spire   Summ/Air       #.......     61%         4    #####..


Dungeon Overview and Level Annotations

Branches:
Dungeon (3/15)

Altars:
Cheibriados

Annotations:
D:2 1 runed translucent door, Crazy Yiuf


Innate Abilities, Weirdness & Mutations

You have extremely sharp teeth.
Your natural rate of healing is unusually fast.
When hurt, damage is shared between your health and your magic reserves.
Your bite disrupts and absorbs the magic of your enemies.
Potions cannot restore your health.
You are immune to rotting.


Message History

Your white imp barely misses the adder.
You completely miss the adder. Your bite misses the adder.
The adder is moderately wounded.
You feel sick. The adder closely misses you. The adder barely misses you.
Your white imp misses the adder.
You hit the adder.
The adder is heavily wounded.
The adder bites you.
* * * LOW HITPOINT WARNING * * *
You are more poisoned.
The adder poisons you!
Your white imp barely misses the adder.
You closely miss the adder. You bite the adder. You drain its power.
You feel invigorated.
The adder is heavily wounded.
You feel sick. The adder bites you.
* * * LOW HITPOINT WARNING * * *
Your white imp hits the adder.
Your white imp freezes the adder.
The adder dies!
Okay, then.
You die...

......... #......
#........ #......#
#........
#......#####.######+#
#......#.............
#..........##.#####.#
#..........##.##
#..........##..#
#......)...###@#
######'#'###
#†####+## #.#.#
#.5.....# ## #.#.#
#5......# .# #÷#.#
#.......# .## #.#.#
#.......# ..####
#.#.# #.......#
.....# #.#.#
#.......# .P...#
#.#.# #.......#


You could see a friendly crimson imp (summoned) and a friendly white imp
(summoned).

Vanquished Creatures
  A dart slug (D:2)
  A leopard gecko (D:1)
  An orc (D:3)
  2 giant cockroaches (D:2)
  14 goblins
  7 hobgoblins
  5 jackals (D:2)
  3 ball pythons
  7 bats
  5 frilled lizards
  12 kobolds
  4 rats
62 creatures vanquished.

Vanquished Creatures (collateral kills)
  4 adders
  2 worms (D:2)
  An orc (D:3)
  3 goblins
  5 jackals (D:2)
  A ball python (D:1)
  A bat (D:1)
  2 frilled lizards (D:1)
  2 kobolds (D:1)
  A rat (D:2)
22 creatures vanquished.

Grand Total: 84 creatures vanquished

Notes
Turn   | Place    | Note
-------+----------+-------------------------------------------
     0 | D:1      | Ayyar the Vine Stalker Summoner began the quest for the
                  | Orb.
     0 | D:1      | Reached XP level 1. HP: 9/9 MP: 4/4
   537 | D:1      | Reached XP level 2. HP: 13/13 MP: 6/6
   562 | D:1      | Learned a level 2 spell: Call Imp
  1234 | D:1      | Reached XP level 3. HP: 14/16 MP: 5/7
  2656 | D:2      | Gained mutation: Your natural rate of healing is unusually
                  | fast. [Vine Stalker growth]
  2656 | D:2      | Reached XP level 4. HP: 16/21 MP: 7/9
  3138 | D:2      | Found a runed translucent door.
  3139 | D:2      | Noticed Crazy Yiuf
  3271 | D:2      | Found a snail-covered altar of Cheibriados.
  3573 | D:3      | Learned a level 2 spell: Blink
  3730 | D:3      | Reached skill level 1 in Fighting
  3991 | D:3      | HP: 1/22 [adder (2)]
  3992 | D:3      | Succumbed to an adder's poison

Illustrated notes

Levels and vault maps discovered:
D:1:      minmay_arrival_stone_box, layout_basic, minmay_pentomino_o4
D:2:      layout_basic, marbit_many_paths, minmay_box_of_dots,
          uniq_crazy_yiuf_cottage
D:3:      corexii_shack_village, layout_basic

Skill      XL: |  1  2  3  4 |
---------------+-------------+-----
Stealth        | 3 |  3.6
Dodging        | 2 |  2.0
Spellcasting   | 3 |  3.1
Fighting       | 1 |  1.0
Short Blades   | |  0.1
Summonings     | |  4.6
Translocations | |  0.4

Action                   |  1- 3 |  4- 6 || total
-------------------------+-------+-------++-------
Melee: Unarmed           |    88 |       ||    88
       Bite              |    28 |    37 ||    65
       Dagger            |    41 |   139 ||   180
 Cast: Call Imp          |    12 |    12 ||    24
       Summon Small Mamm |     1 |       ||     1
  Use: Potion            |     3 |       ||     3
 Stab: Sleeping          |    10 |     8 ||    18
       Distracted        |     1 |       ||     1
  Eat: Chunk             |     6 |     5 ||    11
Armor: Robe              |    27 |    18 ||    45
Dodge: Dodged            |    82 |    93 ||   175

Table legend:
 A = Non-vault XP
 B = Vault XP
 C = Vault XP percentage of total XP
 D = Non-vault monster count
 E = Vault monster count
 F = Vault count percentage of total count
                 A         B        C        D         E       F
            +---------+---------+-------+---------+---------+-------
      Total |     132 |      27 |  17.0 |      67 |      17 |  20.2
            +---------+---------+-------+---------+---------+-------
        D:1 |      39 |       2 |   4.9 |      29 |       2 |   6.5
        D:2 |      77 |       4 |   4.9 |      34 |       3 |   8.1
        D:3 |      16 |      21 |  56.8 |       4 |      12 |  75.0
            +---------+---------+-------+---------+---------+-------
